SAAA
PHOENIX HOTSPUR RESERVES @ JERSEY CITY TRITONS
05/17/2027
 
TOP OF THE 1ST
Phoenix Hotspur Reserves batting - Pitching for Jersey City Tritons : LHP Chris Sommer
Pitching: LHP Chris Sommer
Batting: RHB Wilson Castillo 0-0: Swinging Strike
0-1: Foul Ball, location: 2F
0-2: Fly out, F9 (Flyball, 9S)
Batting: RHB Billy Strauss 0-0: Called Strike
0-1: Ball
1-1: Swinging Strike
1-2: Ball
2-2: Strikes out swinging
Batting: RHB Satoshi Terada 0-0: Ball
1-0: Ground out 1-3 (Groundball, 13S)
Top of the 1st over - 0 run(s), 0 hit(s), 0 error(s), 0 left on base; Phoenix 0 - Jersey City 0
BOTTOM OF THE 1ST
Jersey City Tritons batting - Pitching for Phoenix Hotspur Reserves : RHP Alin Oanta
Pitching: RHP Alin Oanta
Batting: RHB Lionel McCloud 0-0: Swinging Strike
0-1: Foul Ball, location: 2F
0-2: Strikes out swinging
Batting: RHB Jorge Rodríguez 0-0: Called Strike
0-1: Ball
1-1: Ball
2-1: Ground out 6-3 (Groundball, 6)
Batting: RHB Luis Rodríguez 0-0: Ball
1-0: Ground out 5-3 (Groundball, 56)
Bottom of the 1st over - 0 run(s), 0 hit(s), 0 error(s), 0 left on base; Phoenix 0 - Jersey City 0
TOP OF THE 2ND
Phoenix Hotspur Reserves batting - Pitching for Jersey City Tritons : LHP Chris Sommer
Batting: RHB Júlio Mateo 0-0: Fly out, F8 (Flyball, 78S)
Batting: RHB Marc Meertens 0-0: SINGLE (Groundball, 6) (infield hit)
Batting: LHB Derek Blair 0-0: Ball
1-0: Foul Ball, location: 2F
1-1: Foul Ball, location: 2F
1-2: Ball
2-2: Foul Ball, location: 2F
2-2: Fly out, F8 (Flyball, 78M)
Batting: SHB Roberto López 0-0: Ball
Marc Meertens steals 2nd base
1-0: Ball
2-0: Foul Ball, location: 2F
2-1: Ball
3-1: Base on Balls
Batting: RHB Hiwahikeiki Noelani 0-0: Foul Ball, location: 2F
0-1: Foul Ball, location: 2F
0-2: Ball
1-2: Strikes out looking
Top of the 2nd over - 0 run(s), 1 hit(s), 0 error(s), 2 left on base; Phoenix 0 - Jersey City 0
BOTTOM OF THE 2ND
Jersey City Tritons batting - Pitching for Phoenix Hotspur Reserves : RHP Alin Oanta
Batting: LHB Preston Witt 0-0: Ball
1-0: Called Strike
1-1: Fly out, F7 (Line Drive, 7S)
Batting: SHB Ludovic Michel 0-0: Ball
1-0: Fly out, F7 (Flyball, 7)
Batting: RHB Brandon Reed 0-0: Ball
1-0: Ball
2-0: SINGLE (Line Drive, 56D)
Batting: SHB Vince Barrowcliff 0-0: Called Strike
0-1: Foul Ball, location: 2F
0-2: Ball
1-2: Ball
2-2: Foul Ball, location: 2F
2-2: Foul Ball, location: 2F
2-2: Fly out, F4 (Line Drive, 4M)
Bottom of the 2nd over - 0 run(s), 1 hit(s), 0 error(s), 1 left on base; Phoenix 0 - Jersey City 0
TOP OF THE 3RD
Phoenix Hotspur Reserves batting - Pitching for Jersey City Tritons : LHP Chris Sommer
Batting: RHB Bob Curry 0-0: Ball
1-0: Called Strike
1-1: Swinging Strike
1-2: Strikes out swinging
Batting: RHB Wilson Castillo 0-0: Called Strike
0-1: Ball
1-1: Foul Ball, location: 2F
1-2: Foul Ball, location: 2F
1-2: Fly out, F9 (Flyball, 89M)
Batting: RHB Billy Strauss 0-0: Swinging Strike
0-1: Foul Ball, location: 2F
0-2: Ground out 5-3 (Groundball, 56)
Top of the 3rd over - 0 run(s), 0 hit(s), 0 error(s), 0 left on base; Phoenix 0 - Jersey City 0
BOTTOM OF THE 3RD
Jersey City Tritons batting - Pitching for Phoenix Hotspur Reserves : RHP Alin Oanta
Batting: RHB Gabriel Guerrero 0-0: Foul Ball, location: 2F
0-1: Foul Ball, location: 2F
0-2: Ball
1-2: Ball
2-2: Foul Ball, location: 2F
2-2: Foul Ball, location: 2F
2-2: Ball
3-2: Ground out 6-3 (Groundball, 6)
Batting: RHB Stephen Crouch 0-0: Ball
1-0: SINGLE (Groundball, 6MD)
Batting: RHB Lionel McCloud 0-0: Ball
1-0: Fielders Choice at 2nd, 6-4 (Groundball, 6)
Batting: RHB Jorge Rodríguez 0-0: Ball
1-0: SINGLE (Flyball, 78S)
Lionel McCloud to second
Batting: RHB Luis Rodríguez 0-0: SINGLE (Flyball, 3D)
Lionel McCloud to third
Jorge Rodríguez to second
Runner from 3rd tries for Home, SAFE, throw made at trailing runner, OUT at third!
Bottom of the 3rd over - 1 run(s), 3 hit(s), 0 error(s), 1 left on base; Phoenix 0 - Jersey City 1
TOP OF THE 4TH
Phoenix Hotspur Reserves batting - Pitching for Jersey City Tritons : LHP Chris Sommer
Batting: RHB Satoshi Terada 0-0: Called Strike
0-1: Ball
1-1: Foul Ball, location: 2F
1-2: Strikes out swinging
Batting: RHB Júlio Mateo 0-0: Ball
1-0: Ball
2-0: Ground out 5-3 (Groundball, 56S)
Batting: RHB Marc Meertens 0-0: Called Strike
0-1: Fly out, F5 (Popup, 5L)
Top of the 4th over - 0 run(s), 0 hit(s), 0 error(s), 0 left on base; Phoenix 0 - Jersey City 1
BOTTOM OF THE 4TH
Jersey City Tritons batting - Pitching for Phoenix Hotspur Reserves : RHP Alin Oanta
Batting: LHB Preston Witt 0-0: Called Strike
0-1: SINGLE (Groundball, 5D)
Batting: SHB Ludovic Michel 0-0: Fly out, F7 (Flyball, 7D)
Batting: RHB Brandon Reed 0-0: Ball
1-0: Ball
2-0: Called Strike
2-1: Foul Ball, location: 2F
2-2: Strikes out swinging
Batting: SHB Vince Barrowcliff 0-0: Ball
1-0: Swinging Strike
1-1: Foul Ball, location: 2F
1-2: Strikes out swinging
Bottom of the 4th over - 0 run(s), 1 hit(s), 0 error(s), 1 left on base; Phoenix 0 - Jersey City 1
TOP OF THE 5TH
Phoenix Hotspur Reserves batting - Pitching for Jersey City Tritons : LHP Chris Sommer
Batting: LHB Derek Blair 0-0: Called Strike
0-1: Ball
1-1: Ground out 4-3 (Groundball, 34)
Batting: SHB Roberto López 0-0: Called Strike
0-1: Ball
1-1: Called Strike
1-2: Ball
2-2: Ball
3-2: Ground out 6-3 (Groundball, 6)
Batting: RHB Hiwahikeiki Noelani 0-0: Called Strike
0-1: SINGLE (Groundball, 6MD)
Batting: RHB Bob Curry 0-0: Called Strike
0-1: Fly out, F4 (Line Drive, 4)
Top of the 5th over - 0 run(s), 1 hit(s), 0 error(s), 1 left on base; Phoenix 0 - Jersey City 1
BOTTOM OF THE 5TH
Jersey City Tritons batting - Pitching for Phoenix Hotspur Reserves : RHP Alin Oanta
Batting: RHB Gabriel Guerrero 0-0: Ground out 5-3 (Groundball, 56)
Batting: RHB Stephen Crouch 0-0: Ball
1-0: Called Strike
1-1: Ball
2-1: Foul Ball, location: 2F
2-2: Strikes out swinging
Batting: RHB Lionel McCloud 0-0: Ball
1-0: Ball
2-0: Foul Ball, location: 2F
2-1: Ball
3-1: SINGLE (Line Drive, 56)
Batting: RHB Jorge Rodríguez 0-0: Ball
1-0: Called Strike
1-1: Ball
2-1: Swinging Strike
2-2: Fly out, F6 (Line Drive, 6M)
Bottom of the 5th over - 0 run(s), 1 hit(s), 0 error(s), 1 left on base; Phoenix 0 - Jersey City 1
TOP OF THE 6TH
Phoenix Hotspur Reserves batting - Pitching for Jersey City Tritons : LHP Chris Sommer
Batting: RHB Wilson Castillo 0-0: Foul Ball, location: 2F
0-1: Ball
1-1: Foul Ball, location: 2F
1-2: Strikes out looking
Batting: RHB Billy Strauss 0-0: Ground out 5-3 (Groundball, 5L)
Batting: RHB Satoshi Terada 0-0: Ball
1-0: Ball
2-0: Ball
3-0: Base on Balls
Batting: RHB Júlio Mateo 0-0: Ball
1-0: Called Strike
1-1: Foul Ball, location: 2F
1-2: Fly out, F8 (Flyball, 8LM)
Top of the 6th over - 0 run(s), 0 hit(s), 0 error(s), 1 left on base; Phoenix 0 - Jersey City 1
BOTTOM OF THE 6TH
Jersey City Tritons batting - Pitching for Phoenix Hotspur Reserves : RHP Alin Oanta
Batting: RHB Luis Rodríguez 0-0: Called Strike
0-1: SINGLE (Groundball, 56D)
Batting: LHB Preston Witt 0-0: Foul Ball, location: 2F
0-1: Ball
1-1: Ground out 5-3 (Groundball, 56S)
Luis Rodríguez to second
Batting: SHB Ludovic Michel 0-0: Ball
1-0: Called Strike
1-1: Ball
2-1: Ball
3-1: Fly out, F7 (Flyball, 7D)
Runner from 2nd tags up, SAFE at 3rd, no throw
Batting: RHB Brandon Reed 0-0: Ball
1-0: Ball
2-0: Ball
3-0: Base on Balls
Batting: SHB Vince Barrowcliff 0-0: Ball
1-0: Ball
2-0: Foul Ball, location: 2F
2-1: Fly out, F7 (Flyball, 7D)
Bottom of the 6th over - 0 run(s), 1 hit(s), 0 error(s), 2 left on base; Phoenix 0 - Jersey City 1
TOP OF THE 7TH
Phoenix Hotspur Reserves batting - Pitching for Jersey City Tritons : LHP Chris Sommer
Batting: RHB Marc Meertens 0-0: Called Strike
0-1: Foul Ball, location: 2F
0-2: Strikes out looking
Batting: LHB Derek Blair 0-0: Ball
1-0: Ball
2-0: Called Strike
2-1: Called Strike
2-2: SINGLE (Line Drive, 6M)
Pinch Hitting: RHB Jesús Mejía 0-0: Foul Ball, location: 2F
0-1: Hit by Pitch
Derek Blair to second
Batting: RHB Hiwahikeiki Noelani 0-0: Called Strike
0-1: Ball
1-1: Foul Ball, location: 2F
1-2: SINGLE (Groundball, 34D)
Derek Blair to third
Jesús Mejía to second
Runner from 3rd tries for Home, SAFE, no throw
Pinch Runner at 2nd Clark Espinosa:
Pinch Hitting: RHB Jesús Álvarez 0-0: Ball
1-0: Swinging Strike
1-1: Called Strike
1-2: Foul Ball, location: 2F
1-2: Strikes out swinging
Batting: RHB Wilson Castillo 0-0: Foul Ball, location: 2F
0-1: Ball
1-1: Ball
2-1: Fielders Choice at 2nd, 6-4 (Groundball, 6)
Top of the 7th over - 1 run(s), 2 hit(s), 0 error(s), 1 left on base; Phoenix 1 - Jersey City 1
BOTTOM OF THE 7TH
Jersey City Tritons batting - Pitching for Phoenix Hotspur Reserves : RHP Alin Oanta
Now at 2B: Jesús Álvarez
Now at SS: Clark Espinosa
Pinch Hitting: LHB Wayne Akers 0-0: Ball
1-0: Called Strike
1-1: Fly out, F6 (Flyball, 6D)
Batting: RHB Stephen Crouch 0-0: Called Strike
0-1: Ball
1-1: Ball
2-1: Ball
3-1: SINGLE (Line Drive, 7LS)
Batting: RHB Lionel McCloud 0-0: Foul Ball, location: 2F
0-1: Foul Ball, location: 2F
0-2: SINGLE (Line Drive, 56D)
Stephen Crouch to second
Batting: RHB Jorge Rodríguez 0-0: Ground out U3 (Groundball, 23)
Stephen Crouch to third
Lionel McCloud to second
Batting: RHB Luis Rodríguez 0-0: Ball
1-0: Ball
2-0: Called Strike
2-1: Foul Ball, location: 2F
2-2: Ball
3-2: Base on Balls
Batting: LHB Preston Witt 0-0: DOUBLE (Line Drive, 89D)
Stephen Crouch scores
Lionel McCloud scores
Luis Rodríguez to third
Runner from 3rd tries for Home, SAFE, no throw
Batting: SHB Ludovic Michel 0-0: Ball
1-0: Called Strike
1-1: Swinging Strike
1-2: Ball
2-2: Strikes out swinging
Bottom of the 7th over - 3 run(s), 3 hit(s), 0 error(s), 1 left on base; Phoenix 1 - Jersey City 4
TOP OF THE 8TH
Phoenix Hotspur Reserves batting - Pitching for Jersey City Tritons : LHP Chris Sommer
Now in LF: Wayne Akers
Now in RF: Eduardo Torres
Batting: RHB Billy Strauss 0-0: Ball
1-0: Ground out 1-3 (Groundball, 13S)
Batting: RHB Satoshi Terada 0-0: Foul Ball, location: 2F
0-1: Ball
1-1: Ball
2-1: Ground out 6-3 (Groundball, 6D)
Batting: RHB Júlio Mateo 0-0: Called Strike
0-1: Ball
1-1: Ball
2-1: DOUBLE (Flyball, 89D)
Pitching: RHP Jim Unknown
Batting: RHB Marc Meertens 0-0: Ball
1-0: Ground out 6-3 (Groundball, 6)
Top of the 8th over - 0 run(s), 1 hit(s), 0 error(s), 1 left on base; Phoenix 1 - Jersey City 4
BOTTOM OF THE 8TH
Jersey City Tritons batting - Pitching for Phoenix Hotspur Reserves : RHP Alin Oanta
Pitching: LHP Ricardo Sánchez
Batting: RHB Brandon Reed 0-0: Ball
1-0: Ground out 6-3 (Groundball, 6)
Batting: SHB Vince Barrowcliff 0-0: Called Strike
0-1: Ball
1-1: Ground out 5-3 (Groundball, 56)
Batting: LHB Wayne Akers 0-0: Ground out 4-3 (Groundball, 4)
Bottom of the 8th over - 0 run(s), 0 hit(s), 0 error(s), 0 left on base; Phoenix 1 - Jersey City 4
TOP OF THE 9TH
Phoenix Hotspur Reserves batting - Pitching for Jersey City Tritons : RHP Jim Unknown
Batting: LHB Derek Blair 0-0: Called Strike
0-1: Ground out 4-3 (Groundball, 4S)
Batting: LHB Clark Espinosa 0-0: Called Strike
0-1: Bunt for hit - play at first, batter OUT! 1-3
Batting: RHB Hiwahikeiki Noelani 0-0: Called Strike
0-1: Ball
1-1: Foul Ball, location: 2F
1-2: Foul Ball, location: 2F
1-2: Foul Ball, location: 2F
1-2: Ball
2-2: Fly out, F9 (Flyball, 9LSF)
Top of the 9th over - 0 run(s), 0 hit(s), 0 error(s), 0 left on base; Phoenix 1 - Jersey City 4
Saturday, May 26th, 2018 - OOTP Baseball 17.12 Build 75